 Dungeon Crawl Stone Soup version 0.28-a0-233-gb8ca4b6547 (webtiles) character file.

Game seed: 10043257324881786600

766 Naeght the Chiller (level 7, 0/50 HPs)
             Began as a Merfolk Ice Elementalist on Aug 22, 2021.
             Slain by an iguana (8 damage)
             ... on level 4 of the Dungeon.
             The game lasted 00:24:37 (8786 turns).

Naeght the Chiller (Merfolk Ice Elementalist)       Turns: 8786, Time: 00:24:37

Health: 0/50       AC:  6    Str: 10    XL:     7   Next: 82%
Magic:  12/13      EV: 14    Int: 14    God:
Gold:   253        SH:  0    Dex: 15    Spells: 6/14 levels left

rFire   . . .      SeeInvis .   z - +1 dagger (venom)
rCold   . . .      Faith    .   (no shield)
rNeg    . . .      Spirit   .   a - +0 robe
rPois   .          Reflect  .   (no helmet)
rElec   .          Harm     .   g - +2 cloak
rCorr   .          Rampage  .   (no gloves)
Will    .....                   i - +0 pair of boots
Stlth   ++........              (no amulet)
HPRegen 0.16/turn               (no ring)
MPRegen 0.13/turn               (no ring)

@: studying Fighting
A: (nimble swimmer 2), mertail
a: no special abilities


You were on level 4 of the Dungeon.
You visited 1 branch of the dungeon, and saw 5 of its levels.
You also visited: Sewer.

You collected 253 gold pieces.

Inventory:

Hand Weapons
 c - a +0 dagger
 l - a +0 trident
 q - a +0 scythe
 z - a +1 dagger of venom (weapon)
Armour
 a - a +0 robe (worn)
 g - a +2 cloak (worn)
 i - a +0 pair of boots (worn)
Jewellery
 y - a ring of wizardry
Wands
 m - a wand of mindburst (3)
Scrolls
 d - a scroll of magic mapping {unknown}
 h - 3 scrolls of teleportation {unknown}
 j - 2 scrolls of fog
 k - a scroll of enchant weapon {unknown}
 n - a scroll of torment {unknown}
 p - 2 scrolls of summoning {unknown}
 r - a scroll of enchant armour {unknown}
 s - a scroll of blinking {unknown}
 A - a scroll of identify
Potions
 b - 3 potions of brilliance
 e - a potion of curing {unknown}
 f - a potion of resistance
 o - 2 potions of haste {unknown}
 t - a potion of might {unknown}
 u - a potion of mutation {unknown}
 v - a potion of invisibility {unknown}
 w - a potion of heal wounds {unknown}
 x - a potion of cancellation {unknown}


   Skills:
 + Level 2.0 Fighting
 + Level 3.8 Polearms
 + Level 4.4 Dodging
 - Level 2.1 Stealth
 - Level 4.0 Spellcasting
 * Level 2.7 Conjurations
 + Level 6.7 Ice Magic


You had 6 spell levels left.
You knew the following spells:

 Your Spells              Type           Power      Damage    Failure   Level
a - Freeze                Ice            84%        1d10      1%          1
b - Ozocubu's Armour      Ice            21%        N/A       3%          3
c - Hailstorm             Conj/Ice       16%        3d6       26%         4

Your spell library contained the following spells:

 Spells                   Type           Power      Damage    Failure   Level
 Frozen Ramparts          Ice            42%        1d6       3%          3


Dungeon Overview and Level Annotations

Branches:
Dungeon (5/15)              Sewer (visited)
 Temple: D:4-7

Altars:
Fedhas
Hepliaklqana
The Shining One

Annotations:
D:3 !Sig


Innate Abilities, Weirdness & Mutations

((You are quick and stealthy near water. (Stealth+, EV+, Speed+++)))
Your lower body shifts to a powerful aquatic tail in water.


Message History

You climb upwards.
There is a stone staircase leading down here.
You start resting.
HP restored.
You climb downwards.
There is a stone staircase leading up here.
The iguana bites you.
You hit the iguana but do no damage.
The iguana is poisoned.
The iguana bites you. The iguana bites you!
You barely miss the iguana.
The iguana is lightly wounded.
The iguana misses you. The iguana barely misses you.
You freeze the iguana.
The iguana is moderately wounded.
The iguana seems to slow down.
The iguana bites you! The iguana closely misses you.
You are too injured to fight recklessly!
You are too injured to fight recklessly!
You are too injured to fight recklessly!
You are too injured to fight recklessly!
Unknown command.
Aiming: Freeze (safe; 1% risk of failure)
Press: ? - help, Q - select action, (/) - cycle Shift-Dir - straight line, f - iguana, p - iguana
Aim: an iguana You freeze the iguana.
The iguana is lightly wounded.
The iguana bites you!
* * * LOW HITPOINT WARNING * * *
There is a stone staircase leading up here.
The iguana closely misses you. The iguana bites you.
* * * LOW HITPOINT WARNING * * *
You climb upwards.
There is a stone staircase leading down here.
You barely miss the iguana.
The iguana is moderately wounded.
The iguana is no longer moving slowly.
The iguana barely misses you.
You hit the iguana but do no damage.
The iguana looks even sicker.
The iguana is moderately wounded.
The iguana bites you!
You die...

##.####..#.#.#.#.#.#.##..#
..)......#############...#
##.#####.................#
##.# ####...#########.##
##### #......# #.# #...##
#......# #.# .....###......##
#.#
...#........)..########.#####
.###...........l@l..........#
## #####.......###########.##
#...#.......# #.#
#...#.......# #.#
#...#.......# #.#
#...####.##.# #.# #...#
#.##.# #.# #...## #.##.# #.#
#....# #.##.# #.#


You could see 2 iguanas.

Vanquished Creatures
  Sigmund (D:3)
  An orc warrior (D:4)
  A kobold brigand (Sewer)
  A scorpion (D:4)
  A bullfrog skeleton (D:4)
  A hound (D:3)
  An iguana (D:5)
  A hound skeleton (D:4)
  14 adders
  2 river rats
  An ufetubus (D:4)
  An adder skeleton (D:4)
  5 worms (D:2)
  A dart slug (D:4)
  12 orcs
  4 ball pythons
  7 bats
  8 endoplasms
  6 giant cockroaches
  3 goblins
  7 hobgoblins
  6 jackals (D:2)
  3 quokkas
  3 frilled lizards
  11 kobolds
  18 rats
120 creatures vanquished.

Vanquished Creatures (others)
  17 demonic plants (D:2)
  4 withered plants (D:2)
21 creatures vanquished.

Grand Total: 141 creatures vanquished

Notes
Turn   | Place    | Note
-------+----------+-------------------------------------------
     0 | D:1      | Naeght the Merfolk Ice Elementalist began the quest for the
                  | Orb.
     0 | D:1      | Reached XP level 1. HP: 13/13 MP: 3/3
   302 | D:1      | Reached XP level 2. HP: 4/19 MP: 3/5
  1538 | D:2      | Reached XP level 3. HP: 23/24 MP: 3/6
  1644 | D:2      | HP: 1/24 [frozen (4)]
  2130 | D:1      | Learned a level 3 spell: Ozocubu's Armour
  2281 | D:2      | Found a faded altar of an unknown god.
  2341 | D:2      | Reached skill level 5 in Ice Magic
  2530 | D:2      | Reached XP level 4. HP: 30/30 MP: 4/8
  2825 | D:2      | Learned a level 4 spell: Hailstorm
  2840 | D:2      | Found a blossoming altar of Fedhas.
  3579 | D:3      | Reached XP level 5. HP: 33/35 MP: 2/9
  4281 | D:3      | Noticed Sigmund
  4528 | D:3      | Found a hazy altar of Hepliaklqana.
  4564 | D:3      | Reached skill level 1 in Polearms
  4564 | D:3      | Reached skill level 1 in Conjurations
  4755 | D:3      | Found a glowing golden altar of the Shining One.
  5036 | D:3      | Killed Sigmund
  5037 | D:3      | Reached skill level 6 in Ice Magic
  5037 | D:3      | Reached XP level 6. HP: 27/41 MP: 0/11
  5760 | D:4      | Found a glowing drain.
  5769 | Sewer    | Entered a sewer
  6261 | Sewer    | Reached skill level 1 in Fighting
  6261 | Sewer    | Reached XP level 7. HP: 18/48 MP: 4/12
  8597 | D:5      | Entered Level 5 of the Dungeon
  8786 | D:4      | Slain by an iguana

Illustrated notes

Levels and vault maps discovered:
D:1:      lemuel_arrival_room, layout_basic, amcnicky_mini_rare_corridor_liquid
D:2:      layout_rooms, basic_altar, shapermc_ecumenical_altar_gd,
          minmay_rat_gold_closets
D:3:      layout_basic, mainiacjoe_overflow_tiny_flanked,
          mainiacjoe_overflow_cross_hatched, guppyfry_early_orc_mine,
          uniq_sigmund
D:4:      layout_basic, serial_curves, eino_curves_02, eino_curves_04,
          gup_sewer_entry_bubbles, grunt_decor_cap, minmay_manual_maat
D:5:      cheibrodos_quashed, layout_gridville,
          lemuel_zombie_altar_kikubaaqudgha, temple_hall,
          kennysheep_generic_room_10, uniq_pikel

Skill      XL: |  1  2  3  4  5  6  7 |
---------------+----------------------+-----
Dodging        | 3 4 |  4.4
Ice Magic      | 5 6 |  6.7
Spellcasting   | 3 4 |  4.0
Polearms       | 2 3 |  3.8
Conjurations   | 1 2 |  2.7
Fighting       | 1 2 |  2.0
Stealth        | |  2.1

Action                   |  1- 3 |  4- 6 |  7- 9 || total
-------------------------+-------+-------+-------++-------
Melee: Dagger            |   100 |    72 |    64 ||   236
       Trident           |       |     1 |       ||     1
       Tailslap          |       |     3 |     4 ||     7
 Cast: Freeze            |    39 |   131 |    35 ||   205
       Ozocubu's Armour  |       |     6 |       ||     6
  Use: Scroll            |       |     3 |       ||     3
       Potion            |       |     1 |       ||     1
 Stab: Sleeping          |     4 |     6 |       ||    10
Armor: Robe              |    39 |    56 |    31 ||   126
Dodge: Dodged            |    90 |   111 |    71 ||   272

Table legend: (Time is in decaauts)
 A = Elapsed time spent in this place.
 B = Non-inter-level travel time spent in this place.
 C = Inter-level travel time spent in this place.
 D = Time resting spent in this place.
 E = Time spent auto-exploring this place.
 F = Levels seen in this place.
 G = Mean time per level.
                   A        B        C        D        E       F      G
               +--------+--------+--------+--------+--------+-----+--------+
         Total |   8684 |   8454 |    230 |   2893 |   3852 |   6 | 1447.3 |
       Dungeon |   8012 |   7782 |    230 |   2834 |   3381 |   5 | 1602.4 |
         Sewer |    671 |    671 |      0 |     59 |    470 |   1 |  671.0 |
               +--------+--------+--------+--------+--------+-----+--------+

Top non-repeatable levels by time:
     D:4: 2309 daAuts
     D:2: 1982 daAuts
     D:1: 1918 daAuts
     D:3: 1751 daAuts
   Sewer: 671 daAuts
     D:5: 50 daAuts
